Stars vs Islanders

Created - November 17, 2025 at 09:31

Goals
1 2 3 T
Stars 0 0 1 1
Islanders 0 1 2 3
Shots
1 2 3 T
Stars 8 8 13 29
Islanders 3 11 6 20

1st period

No Goal

Penalties :
No Penalty

2nd period

1. Islanders , Brock McGinn 2 (Ryan Ellis 4, Vladimir Tarasenko 1) at 18:08 (PP)

Penalties :
Cam Atkinson (Dal) for Tripping (Minor) at 1:02, Brock McGinn (NyI) for High sticking (Minor) at 6:28, Tyler Wotherspoon (Dal) for High sticking (Minor) at 8:47, Andrej Sustr (Dal) for Delaying the game (Minor) at 15:44, Guillaume Latendresse (Dal) for Slashing (Minor) at 17:54

3rd period

2. Islanders , Brayden Schenn 2 (Vladimir Tarasenko 2, Ryan Ellis 5) at 0:14
3. Stars , Jake Guentzel 1 (Ben Chiarot 2, Alex Chiasson 1) at 12:14
4. Islanders , Brock McGinn 3 (Brayden Schenn 2, Vladimir Tarasenko 3) at 15:51 (PP)

Penalties :
Sidney Crosby (Dal) for Tripping (Minor) at 1:49, Emerson Etem (NyI) for Tripping (Minor) at 4:27, Andrej Sustr (Dal) for Roughing (Minor) at 15:47

Goalie Stats

Matt Murray (Dal), 17 saves from 20 shots - (0.850), L, 2-1-3, 60:00 minutes
John Gibson (NyI), 28 saves from 29 shots - (0.966), W, 3-2-1, 60:00 minutes

Players Stats for Stars

Player Name              G  A  P  +/- PIM S  H  SB GA TA FO     MP     PP MP  PK MP  
------------------------------------------------------------------------------------
Alex Chiasson            0  1  1   0  0   0  1  0  1  0  1/1    18:20   2:07   0:00 
Andrej Sustr             0  0  0  -1  4   1  1  1  0  1  0/0    25:37   2:47   3:38 
Anton Cederholm          0  0  0   0  0   1  1  1  0  0  0/0    13:25   0:00   0:44 
Ben Chiarot              0  1  1   1  0   0  0  0  1  3  0/0    19:07   1:11   2:51 
Cam Atkinson             0  0  0   0  2   0  0  0  1  0  0/0    11:48   0:00   0:00 
Daniel O'regan           0  0  0   0  0   0  2  0  0  0  0/0     9:19   0:00   1:59 
Evgeny Grachev           0  0  0   0  0   4  1  0  0  0  8/16   16:31   1:51   1:44 
Guillaume Latendresse    0  0  0   0  2   2  1  0  0  0  1/3    17:50   1:51   2:53 
Henrik Borgstrom         0  0  0   0  0   5  2  0  0  0  3/8    11:49   0:00   0:00 
Jake Guentzel            1  0  1   0  0   2  2  1  3  0  0/1    23:06   2:07   4:47 
Jamie Benn               0  0  0   0  0   3  0  0  1  0  0/0    13:04   0:00   1:18 
Michael Grabner          0  0  0   0  0   4  1  0  0  1  0/0    14:46   1:51   0:00 
Paul Ladue               0  0  0  -1  0   0  0  0  0  1  0/0    27:18   2:47   5:23 
Scott Kosmachuck         0  0  0   0  0   1  1  0  0  0  0/0     7:19   0:00   0:00 
Sidney Crosby            0  0  0   0  2   3  2  2  0  0  8/25   22:02   2:07   3:47 
Tobias Rieder            0  0  0   0  0   0  1  0  0  0  0/0     7:12   0:00   0:00 
Tyler Wotherspoon        0  0  0   1  2   1  0  1  0  0  0/0    20:28   1:11   3:52 
Wiley Sherman            0  0  0   0  0   2  1  0  0  1  0/0    12:39   0:00   0:00 

Players Stats for Islanders

Player Name              G  A  P  +/- PIM S  H  SB GA TA FO     MP     PP MP  PK MP  
------------------------------------------------------------------------------------
Brandon Sutter           0  0  0   0  0   0  2  0  0  1  8/12   15:56   3:34   0:00 
Brayden Schenn           1  1  2   1  0   2  1  0  2  0  15/27  22:16   4:40   2:38 
Brian Ferlin             0  0  0   0  0   2  0  0  1  0  0/0     8:09   0:00   0:00 
Brock McGinn             2  0  2   1  2   3  2  1  0  1  1/2    20:23   4:40   0:53 
Emerson Etem             0  0  0  -1  2   0  2  0  0  0  0/0    14:14   0:00   0:27 
Gabriel Carlsson         0  0  0   0  0   1  0  0  1  0  0/0    11:14   0:00   0:00 
Garnet Hathaway          0  0  0  -1  0   0  1  0  0  0  0/1    13:50   0:00   0:00 
Jakob Silfverberg        0  0  0   0  0   2  2  1  1  0  1/1    17:03   3:34   1:18 
Joe Labate               0  0  0   0  0   0  0  1  0  0  2/2     7:55   0:00   0:00 
Jordan Greenway          0  0  0   0  0   1  1  1  0  1  0/0     7:50   0:00   0:02 
Kellan Lain              0  0  0   0  0   1  1  0  0  0  0/1    15:29   3:34   0:00 
Kevin Shattenkirk        0  0  0  -1  0   0  0  0  0  0  0/0    21:50   2:47   1:39 
Michael Latta            0  0  0  -1  0   0  2  0  1  1  1/1    13:37   0:00   0:00 
Nikita Zadorov           0  0  0   1  0   1  1  3  0  1  0/0    25:36   5:27   2:19 
Oliver Kylington         0  0  0  -1  0   0  2  2  1  0  0/0    21:50   2:47   1:39 
Ryan Ellis               0  2  2   1  0   3  0  2  0  1  0/0    25:33   5:27   2:19 
Slater Koekkoek          0  0  0   0  0   0  2  0  0  1  0/0    11:23   0:00   0:00 
Vladimir Tarasenko       0  3  3   1  0   4  2  1  0  0  5/7    21:52   4:40   2:38 

3 Stars

1 - Brock McGinn (NyI)
2 - Vladimir Tarasenko (NyI)
3 - John Gibson (NyI)

Power Play

Stars - 0 on 2 Attempt(s) - 0.00%
Islanders - 2 on 6 Attempt(s) - 33.33%

Penalty Kill

Stars - 4 on 6 Attempt(s) - 66.67% - Score 0 goal in Penalty Kill
Islanders - 2 on 2 Attempt(s) - 100.00% - Score 0 goal in Penalty Kill

Team Stat

Stars - Hits : 17 - Faceoff Wins : 21 - Blocked Shots : 6 - Penalty Minutes : 12
Islanders - Hits : 21 - Faceoff Wins : 33 - Blocked Shots : 12 - Penalty Minutes : 4

Official

Referees : Brandon Schrader and Justin St. Pierre
Linesman : Derek Amell and Kory Nagy

Game Notes

4:22 of 3rd period - Islanders goal is going for a video replay. After video review, No Goal. The referee deems the play has been stopped, even if he had not physically had the opportunity to stop play by blowing his whistle.

Finance

Level 1 -- Attendance: 5539 (92.32%) -- Ticket Income $553,900
Level 2 -- Attendance: 4537 (90.74%) -- Ticket Income $317,590
Level 3 -- Attendance: 1867 (93.35%) -- Ticket Income $74,680
Level 4 -- Attendance: 3817 (95.43%) -- Ticket Income $114,510
Luxury Box -- Attendance: 1000 (100.00%) -- Ticket Income $200,000
Game was played at the Nassau Coliseum.
Total Attendance: 16760 (93.11%)
Total Ticket Income: $1,260,680
Other Income: $189,102
Total Income: $1,449,782

Stars

5 vs 5 Forward 
   Center                   Left Wing                Right Wing               Time % Phy DF OF 
 1 Sidney Crosby            Jake Guentzel            Alex Chiasson            40     1   2  2  
 2 Evgeny Grachev           Guillaume Latendresse    Michael Grabner          30     1   2  2  
 3 Henrik Borgstrom         Jamie Benn               Cam Atkinson             20     1   2  2  
 4 Daniel O'regan           Tobias Rieder            Scott Kosmachuck         10     1   2  2  

5 vs 5 Defense 
   Defense                  Defense                                           Time % Phy DF OF 
 1 Andrej Sustr             Paul Ladue                                        40     1   2  2  
 2 Ben Chiarot              Tyler Wotherspoon                                 30     1   2  2  
 3 Anton Cederholm          Wiley Sherman                                     20     1   2  2  
 4 Andrej Sustr             Paul Ladue                                        10     1   2  2  

PowerPlay Forward 
   Center                   Left Wing                Right Wing               Time % Phy DF OF 
 1 Sidney Crosby            Jake Guentzel            Alex Chiasson            60     0   2  3  
 2 Evgeny Grachev           Guillaume Latendresse    Michael Grabner          40     0   2  3  

PowerPlay Defense
   Defense                  Defense                                           Time % Phy DF OF 
 1 Andrej Sustr             Paul Ladue                                        60     1   2  2  
 2 Ben Chiarot              Tyler Wotherspoon                                 40     1   2  2  

Penalty Kill 4 Players Forward 
   Center                   Wing                     Time % Phy DF OF 
 1 Sidney Crosby            Jake Guentzel            60     1   2  2  
 2 Evgeny Grachev           Guillaume Latendresse    40     1   2  2  

Penalty Kill 4 Players Defense
   Defense                  Defense                  Time % Phy DF OF 
 1 Andrej Sustr             Paul Ladue               60     0   3  2  
 2 Ben Chiarot              Tyler Wotherspoon        40     0   3  2  

Penalty Kill - 3 Players Forward 
   Forward                                           Time % Phy DF OF 
 1 Sidney Crosby                                     60     1   2  2  
 2 Evgeny Grachev                                    40     1   2  2  

Penalty Kill - 3 Players Defense
   Defense                  Defense                  Time % Phy DF OF 
 1 Andrej Sustr             Paul Ladue               60     0   3  2  
 2 Ben Chiarot              Tyler Wotherspoon        40     0   3  2  

4 vs 4 Forward 
   Center                   Wing                     Time % Phy DF OF 
 1 Sidney Crosby            Jake Guentzel            60     0   2  3  
 2 Evgeny Grachev           Guillaume Latendresse    40     0   2  3  

4 vs 4 Defense
   Defense                  Defense                  Time % Phy DF OF 
 1 Andrej Sustr             Paul Ladue               60     1   2  2  
 2 Ben Chiarot              Tyler Wotherspoon        40     1   2  2  

Last Minutes Offensive
   Center                   Left Wing                Right Wing               Defense                  Defense                  
   Sidney Crosby            Jake Guentzel            Alex Chiasson            Andrej Sustr             Paul Ladue               

Last Minutes Defensive
   Center                   Left Wing                Right Wing               Defense                  Defense                  
   Sidney Crosby            Jake Guentzel            Alex Chiasson            Andrej Sustr             Paul Ladue               

Goaltenders
Starting : Matt Murray              
Backup : Michael Houser           

Extra Forwards
Normal : Guillaume Latendresse, Jamie Benn, Tobias Rieder - PP : Guillaume Latendresse, Jamie Benn - PK : Guillaume Latendresse
Extra Defensemen
Normal : Tyler Wotherspoon, Anton Cederholm, Wiley Sherman - PP : Tyler Wotherspoon - PK : Tyler Wotherspoon, Anton Cederholm
Penalty Shots
Jake Guentzel, Sidney Crosby, Alex Chiasson, Michael Grabner, Guillaume Latendresse
Custom OT Lines Forwards
Jake Guentzel, Sidney Crosby, Alex Chiasson, Michael Grabner, Guillaume Latendresse, Jamie Benn, Tobias Rieder, Evgeny Grachev, Cam Atkinson, Scott Kosmachuck
Custom OT Lines Defensemen
Andrej Sustr, Paul Ladue, Ben Chiarot, Tyler Wotherspoon, Anton Cederholm

Scratches
Adam Tambellini (Healthy), Evgeny Kuznetsov (Healthy), Christopher Tanev (Healthy)

Islanders

5 vs 5 Forward 
   Center                   Left Wing                Right Wing               Time % Phy DF OF 
 1 Brayden Schenn           Brock McGinn             Vladimir Tarasenko       40     1   2  2  
 2 Brandon Sutter           Kellan Lain              Jakob Silfverberg        30     1   2  2  
 3 Michael Latta            Emerson Etem             Garnet Hathaway          20     1   2  2  
 4 Joe Labate               Jordan Greenway          Brian Ferlin             10     1   2  2  

5 vs 5 Defense 
   Defense                  Defense                                           Time % Phy DF OF 
 1 Ryan Ellis               Nikita Zadorov                                    40     1   2  2  
 2 Kevin Shattenkirk        Oliver Kylington                                  30     1   2  2  
 3 Gabriel Carlsson         Slater Koekkoek                                   20     1   2  2  
 4 Ryan Ellis               Nikita Zadorov                                    10     1   2  2  

PowerPlay Forward 
   Center                   Left Wing                Right Wing               Time % Phy DF OF 
 1 Brayden Schenn           Brock McGinn             Vladimir Tarasenko       60     1   2  2  
 2 Brandon Sutter           Kellan Lain              Jakob Silfverberg        40     1   2  2  

PowerPlay Defense
   Defense                  Defense                                           Time % Phy DF OF 
 1 Ryan Ellis               Nikita Zadorov                                    60     1   2  2  
 2 Kevin Shattenkirk        Oliver Kylington                                  40     1   2  2  

Penalty Kill 4 Players Forward 
   Center                   Wing                     Time % Phy DF OF 
 1 Vladimir Tarasenko       Brayden Schenn           60     1   2  2  
 2 Jakob Silfverberg        Brock McGinn             40     1   2  2  

Penalty Kill 4 Players Defense
   Defense                  Defense                  Time % Phy DF OF 
 1 Ryan Ellis               Nikita Zadorov           60     1   2  2  
 2 Kevin Shattenkirk        Oliver Kylington         40     1   2  2  

Penalty Kill - 3 Players Forward 
   Forward                                           Time % Phy DF OF 
 1 Vladimir Tarasenko                                60     1   2  2  
 2 Brayden Schenn                                    40     1   2  2  

Penalty Kill - 3 Players Defense
   Defense                  Defense                  Time % Phy DF OF 
 1 Ryan Ellis               Nikita Zadorov           60     1   2  2  
 2 Kevin Shattenkirk        Oliver Kylington         40     1   2  2  

4 vs 4 Forward 
   Center                   Wing                     Time % Phy DF OF 
 1 Vladimir Tarasenko       Brayden Schenn           60     1   2  2  
 2 Jakob Silfverberg        Brock McGinn             40     1   2  2  

4 vs 4 Defense
   Defense                  Defense                  Time % Phy DF OF 
 1 Ryan Ellis               Nikita Zadorov           60     1   2  2  
 2 Kevin Shattenkirk        Oliver Kylington         40     1   2  2  

Last Minutes Offensive
   Center                   Left Wing                Right Wing               Defense                  Defense                  
   Brayden Schenn           Brock McGinn             Vladimir Tarasenko       Ryan Ellis               Nikita Zadorov           

Last Minutes Defensive
   Center                   Left Wing                Right Wing               Defense                  Defense                  
   Brayden Schenn           Brock McGinn             Vladimir Tarasenko       Ryan Ellis               Nikita Zadorov           

Goaltenders
Starting : John Gibson              
Backup : Kaapo Kahkonen           

Extra Forwards
Normal : Garnet Hathaway, Michael Latta, Emerson Etem - PP : Garnet Hathaway, Michael Latta - PK : Emerson Etem
Extra Defensemen
Normal : Gabriel Carlsson, Slater Koekkoek, Kevin Shattenkirk - PP : Gabriel Carlsson - PK : Slater Koekkoek, Kevin Shattenkirk
Penalty Shots
Vladimir Tarasenko, Brayden Schenn, Jakob Silfverberg, Brock McGinn, Brandon Sutter
Custom OT Lines Forwards
Vladimir Tarasenko, Brayden Schenn, Jakob Silfverberg, Brock McGinn, Brandon Sutter, Kellan Lain, Garnet Hathaway, Michael Latta, Emerson Etem, Brian Ferlin
Custom OT Lines Defensemen
Ryan Ellis, Nikita Zadorov, Kevin Shattenkirk, Oliver Kylington, Gabriel Carlsson

Scratches
Dylan McIlrath (Left Eye Injury), Yann Sauvé (Left Ankle Injury)

% Time on Ice - Stars

Lines # - Real PCT - Wanted PCT - Time Play
Normal Forward
1 - 36% - 40% - 17:08
2 - 28% - 30% - 13:34
3 - 23% - 20% - 10:56
4 - 13% - 10% - 6:10
Normal Defense
1 - 38% - 40% - 18:17
2 - 32% - 30% - 15:19
3 - 23% - 20% - 11:04
4 - 7% - 10% - 3:08
PP Forward
1 - 53% - 60% - 2:07
2 - 47% - 40% - 1:51
PP Defense
1 - 70% - 60% - 2:47
2 - 30% - 40% - 1:11
PK Forward
1 - 86% - 60% - 7:07
2 - 14% - 40% - 1:07
PK Defense
1 - 65% - 60% - 5:23
2 - 35% - 40% - 2:51
PK3 Forward
1 - 0% - 60%
2 - 0% - 40%
PK3 Defense
1 - 0% - 60%
2 - 0% - 40%
44 Forward
1 - 0% - 60%
2 - 0% - 40%
44 Defense
1 - 0% - 60%
2 - 0% - 40%
Last Minute Offensive  - 0:00
Last Minute Defensive  - 0:00
Total
Forward - 60:00
Defense - 60:00

% Time on Ice - Islanders

Lines # - Real PCT - Wanted PCT - Time Play
Normal Forward
1 - 31% - 40% - 14:55
2 - 28% - 30% - 13:16
3 - 27% - 20% - 13:04
4 - 14% - 10% - 6:33
Normal Defense
1 - 40% - 40% - 19:01
2 - 34% - 30% - 16:26
3 - 22% - 20% - 10:42
4 - 3% - 10% - 1:39
PP Forward
1 - 57% - 60% - 4:40
2 - 43% - 40% - 3:34
PP Defense
1 - 66% - 60% - 5:27
2 - 34% - 40% - 2:47
PK Forward
1 - 67% - 60% - 2:40
2 - 33% - 40% - 1:18
PK Defense
1 - 58% - 60% - 2:19
2 - 42% - 40% - 1:39
PK3 Forward
1 - 0% - 60%
2 - 0% - 40%
PK3 Defense
1 - 0% - 60%
2 - 0% - 40%
44 Forward
1 - 0% - 60%
2 - 0% - 40%
44 Defense
1 - 0% - 60%
2 - 0% - 40%
Last Minute Offensive  - 0:00
Last Minute Defensive  - 0:00
Total
Forward - 60:00
Defense - 60:00

Play-by-Play

1st period


0:01 of 1st period - Brayden Schenn wins face-off versus Sidney Crosby in neutral zone.
0:26 of 1st period - Wrist shot by Henrik Borgstrom.
0:26 of 1st period - Stopped by John Gibson with a rebound.
0:28 of 1st period - Wrist shot by Tyler Wotherspoon.
0:28 of 1st period - Stopped by John Gibson without a rebound.
0:29 of 1st period - Brandon Sutter wins face-off versus Henrik Borgstrom in Islanders zone.
3:07 of 1st period - Wrist shot by Jakob Silfverberg.
3:07 of 1st period - Stopped by Matt Murray without a rebound.
3:08 of 1st period - Brayden Schenn wins face-off versus Sidney Crosby in Stars zone.
3:15 of 1st period - Snap shot by Vladimir Tarasenko.
3:15 of 1st period - Stopped by Matt Murray with a rebound.
3:17 of 1st period - Slapshot by Nikita Zadorov.
3:17 of 1st period - Deflect By Brayden Schenn.
3:17 of 1st period - Shot Misses the Net.
3:17 of 1st period - Puck is out of play.
3:18 of 1st period - Sidney Crosby wins face-off versus Brayden Schenn in Stars zone.
3:23 of 1st period - Snap shot by Jake Guentzel.
3:23 of 1st period - Stopped by John Gibson with a rebound.
5:14 of 1st period - Snap shot by Jake Guentzel.
5:14 of 1st period - Shot Misses the Net.
5:30 of 1st period - Wrist shot by Brayden Schenn.
5:30 of 1st period - Shot Misses the Net.
5:32 of 1st period - Slapshot by Vladimir Tarasenko.
5:32 of 1st period - Stopped by Matt Murray with a rebound.
6:28 of 1st period - Snap shot by Brock McGinn.
6:28 of 1st period - Shot Misses the Net.
6:46 of 1st period - Wrist shot by Brayden Schenn.
6:46 of 1st period - Shot Misses the Net.
7:14 of 1st period - Snap shot by Sidney Crosby.
7:14 of 1st period - Deflect By Alex Chiasson.
7:14 of 1st period - Shot Misses the Net.
7:14 of 1st period - Puck is out of play.
7:15 of 1st period - Evgeny Grachev wins face-off versus Brandon Sutter in Islanders zone.
7:16 of 1st period - Slapshot by Guillaume Latendresse.
7:16 of 1st period - Stopped by John Gibson with a rebound.
7:18 of 1st period - Slapshot by Guillaume Latendresse.
7:18 of 1st period - Stopped by John Gibson with a rebound.
7:22 of 1st period - Wrist shot by Michael Grabner.
7:22 of 1st period - Shot Blocked by Ryan Ellis.
7:24 of 1st period - Slapshot by Michael Grabner.
7:24 of 1st period - Deflect By Brandon Sutter.
7:24 of 1st period - Stopped by John Gibson with a rebound.
7:26 of 1st period - Snap shot by Tyler Wotherspoon.
7:26 of 1st period - Shot Blocked by Nikita Zadorov.
7:28 of 1st period - Snap shot by Evgeny Grachev.
7:28 of 1st period - Shot Misses the Net.
7:30 of 1st period - Wrist shot by Evgeny Grachev.
7:30 of 1st period - Shot Misses the Net.
7:47 of 1st period - Wrist shot by Jamie Benn.
7:47 of 1st period - Stopped by John Gibson with a rebound.
8:03 of 1st period - Backhand shot by Scott Kosmachuck.
8:03 of 1st period - Stopped by John Gibson with a rebound.
8:55 of 1st period - Nikita Zadorov is hit by Daniel O'regan and loses puck.
9:12 of 1st period - Tyler Wotherspoon is hit by Jakob Silfverberg.
10:22 of 1st period - Emerson Etem is hit by Daniel O'regan and loses puck.
12:20 of 1st period - Nikita Zadorov is hit by Evgeny Grachev and loses puck.
14:27 of 1st period - Daniel O'regan is hit by Emerson Etem and loses puck.
16:17 of 1st period - Evgeny Grachev is hit by Brayden Schenn.
17:54 of 1st period - Garnet Hathaway is hit by Michael Grabner and loses puck.
18:05 of 1st period - Brian Ferlin is hit by Scott Kosmachuck and loses puck.
18:50 of 1st period - Henrik Borgstrom is hit by Slater Koekkoek and loses puck.
19:48 of 1st period - Scott Kosmachuck is hit by Slater Koekkoek.
Goals for this period are 0 for Stars vs 0 for Islanders.
Shots for this period are 8 for Stars vs 3 for Islanders.

2nd period


0:01 of 2nd period - Brayden Schenn wins face-off versus Guillaume Latendresse in neutral zone.
0:04 of 2nd period - Guillaume Latendresse is hit by Brock McGinn and loses puck.
0:15 of 2nd period - Slapshot by Evgeny Grachev.
0:15 of 2nd period - Shot Misses the Net.
0:25 of 2nd period - Wrist shot by Sidney Crosby.
0:25 of 2nd period - Stopped by John Gibson with a rebound.
0:27 of 2nd period - Slapshot by Ben Chiarot.
0:27 of 2nd period - Shot Blocked by Jakob Silfverberg.
1:02 of 2nd period - Minor Penalty to Cam Atkinson for Tripping.
1:03 of 2nd period - Brock McGinn wins face-off versus Sidney Crosby in Stars zone.
1:38 of 2nd period - Wrist shot by Jakob Silfverberg.
1:38 of 2nd period - Shot Misses the Net.
2:44 of 2nd period - Tyler Wotherspoon is hit by Brandon Sutter and loses puck.
3:02 of 2nd period - Penalty to Cam Atkinson is over, Cam Atkinson is back on ice.
3:25 of 2nd period - Tobias Rieder is hit by Jordan Greenway and loses puck.
3:54 of 2nd period - Oliver Kylington is hit by Andrej Sustr.
3:58 of 2nd period - Oliver Kylington is hit by Guillaume Latendresse and loses puck.
4:14 of 2nd period - Michael Latta is hit by Tobias Rieder and loses puck.
4:21 of 2nd period - Slapshot by Ryan Ellis.
4:21 of 2nd period - Shot Misses the Net.
4:32 of 2nd period - Slapshot by Gabriel Carlsson.
4:32 of 2nd period - Deflect By Garnet Hathaway.
4:32 of 2nd period - Shot Misses the Net.
4:32 of 2nd period - Puck is out of play.
4:33 of 2nd period - Brayden Schenn wins face-off versus Henrik Borgstrom in Stars zone.
4:38 of 2nd period - Slapshot by Vladimir Tarasenko.
4:38 of 2nd period - Shot Blocked by Tyler Wotherspoon.
5:09 of 2nd period - Wrist shot by Brandon Sutter.
5:09 of 2nd period - Shot Misses the Net.
5:11 of 2nd period - Snap shot by Gabriel Carlsson.
5:11 of 2nd period - Stopped by Matt Murray without a rebound.
5:12 of 2nd period - Evgeny Grachev wins face-off versus Brock McGinn in Stars zone.
5:12 of 2nd period - Evgeny Grachev is hit by Nikita Zadorov.
5:18 of 2nd period - Slapshot by Andrej Sustr.
5:18 of 2nd period - Shot Misses the Net.
5:20 of 2nd period - Snap shot by Michael Grabner.
5:20 of 2nd period - Shot Misses the Net.
5:22 of 2nd period - Wrist shot by Guillaume Latendresse.
5:22 of 2nd period - Shot Blocked by Nikita Zadorov.
5:24 of 2nd period - Snap shot by Evgeny Grachev.
5:24 of 2nd period - Stopped by John Gibson with a rebound.
5:28 of 2nd period - Snap shot by Guillaume Latendresse.
5:28 of 2nd period - Shot Misses the Net.
5:38 of 2nd period - Sidney Crosby is hit by Brandon Sutter.
5:48 of 2nd period - Wrist shot by Jakob Silfverberg.
5:48 of 2nd period - Shot Misses the Net.
6:12 of 2nd period - Snap shot by Henrik Borgstrom.
6:12 of 2nd period - Stopped by John Gibson without a rebound.
6:13 of 2nd period - Evgeny Grachev wins face-off versus Brayden Schenn in Islanders zone.
6:16 of 2nd period - Snap shot by Evgeny Grachev.
6:16 of 2nd period - Stopped by John Gibson without a rebound.
6:17 of 2nd period - Evgeny Grachev wins face-off versus Brayden Schenn in Islanders zone.
6:28 of 2nd period - Minor Penalty to Brock McGinn for High sticking.
6:29 of 2nd period - Vladimir Tarasenko wins face-off versus Sidney Crosby in Islanders zone.
7:05 of 2nd period - Slapshot by Evgeny Grachev.
7:05 of 2nd period - Stopped by John Gibson without a rebound.
7:06 of 2nd period - Evgeny Grachev wins face-off versus Vladimir Tarasenko in Islanders zone.
7:13 of 2nd period - Wrist shot by Michael Grabner.
7:13 of 2nd period - Deflect By Kevin Shattenkirk.
7:13 of 2nd period - Shot Misses the Net.
7:13 of 2nd period - Puck is out of play.
7:14 of 2nd period - Sidney Crosby wins face-off versus Vladimir Tarasenko in Islanders zone.
7:42 of 2nd period - Icing by Paul Ladue.
7:43 of 2nd period - Vladimir Tarasenko wins face-off versus Evgeny Grachev in Stars zone.
8:28 of 2nd period - Penalty to Brock McGinn is over, Brock McGinn is back on ice.
8:45 of 2nd period - Snap shot by Kellan Lain.
8:45 of 2nd period - Shot Misses the Net.
8:47 of 2nd period - Minor Penalty to Tyler Wotherspoon for High sticking.
8:48 of 2nd period - Brayden Schenn wins face-off versus Sidney Crosby in Stars zone.
8:59 of 2nd period - Snap shot by Ryan Ellis.
8:59 of 2nd period - Shot Misses the Net.
9:03 of 2nd period - Snap shot by Brayden Schenn.
9:03 of 2nd period - Shot Misses the Net.
10:47 of 2nd period - Penalty to Tyler Wotherspoon is over, Tyler Wotherspoon is back on ice.
10:55 of 2nd period - Ben Chiarot is hit by Michael Latta and loses puck.
11:02 of 2nd period - Jamie Benn is hit by Michael Latta and loses puck.
11:17 of 2nd period - Wrist shot by Brian Ferlin.
11:17 of 2nd period - Shot Blocked by Anton Cederholm.
11:23 of 2nd period - Jordan Greenway is hit by Wiley Sherman and loses puck.
11:46 of 2nd period - Snap shot by Henrik Borgstrom.
11:46 of 2nd period - Stopped by John Gibson with a rebound.
11:48 of 2nd period - Snap shot by Cam Atkinson.
11:48 of 2nd period - Shot Blocked by Jordan Greenway.
11:50 of 2nd period - Backhand shot by Cam Atkinson.
11:50 of 2nd period - Shot Blocked by Joe Labate.
11:52 of 2nd period - Wrist shot by Jamie Benn.
11:52 of 2nd period - Stopped by John Gibson without a rebound.
11:53 of 2nd period - Brayden Schenn wins face-off versus Sidney Crosby in Islanders zone.
12:06 of 2nd period - Wrist shot by Brock McGinn.
12:06 of 2nd period - Shot Blocked by Sidney Crosby.
12:12 of 2nd period - Vladimir Tarasenko is hit by Jake Guentzel and loses puck.
12:20 of 2nd period - Icing by Brock McGinn.
12:21 of 2nd period - Brandon Sutter wins face-off versus Evgeny Grachev in Islanders zone.
12:34 of 2nd period - Wrist shot by Evgeny Grachev.
12:34 of 2nd period - Stopped by John Gibson without a rebound.
12:35 of 2nd period - Sidney Crosby wins face-off versus Brayden Schenn in Islanders zone.
13:13 of 2nd period - Snap shot by Nikita Zadorov.
13:13 of 2nd period - Shot Misses the Net.
13:31 of 2nd period - Snap shot by Tobias Rieder.
13:31 of 2nd period - Shot Blocked by Oliver Kylington.
14:52 of 2nd period - Garnet Hathaway is hit by Anton Cederholm and loses puck.
15:07 of 2nd period - Alex Chiasson is hit by Vladimir Tarasenko and loses puck.
15:26 of 2nd period - Wrist shot by Vladimir Tarasenko.
15:26 of 2nd period - Shot Misses the Net.
15:28 of 2nd period - Wrist shot by Brian Ferlin.
15:28 of 2nd period - Stopped by Matt Murray without a rebound.
15:29 of 2nd period - Joe Labate wins face-off versus Henrik Borgstrom in Stars zone.
15:39 of 2nd period - Snap shot by Jordan Greenway.
15:39 of 2nd period - Stopped by Matt Murray without a rebound.
15:40 of 2nd period - Vladimir Tarasenko wins face-off versus Sidney Crosby in Stars zone.
15:44 of 2nd period - Minor Penalty to Andrej Sustr for Delaying the game.
15:45 of 2nd period - Sidney Crosby wins face-off versus Brayden Schenn in Stars zone.
15:57 of 2nd period - Slapshot by Ryan Ellis.
15:57 of 2nd period - Shot Blocked by Sidney Crosby.
15:59 of 2nd period - Slapshot by Ryan Ellis.
15:59 of 2nd period - Stopped by Matt Murray with a rebound.
16:12 of 2nd period - Icing by Ryan Ellis.
16:13 of 2nd period - Brandon Sutter wins face-off versus Evgeny Grachev in Islanders zone.
16:22 of 2nd period - Wrist shot by Kellan Lain.
16:22 of 2nd period - Shot Misses the Net.
16:24 of 2nd period - Slapshot by Nikita Zadorov.
16:24 of 2nd period - Stopped by Matt Murray without a rebound.
16:25 of 2nd period - Sidney Crosby wins face-off versus Brayden Schenn in Stars zone.
16:33 of 2nd period - Off-side.
16:34 of 2nd period - Brayden Schenn wins face-off versus Sidney Crosby in neutral zone.
16:39 of 2nd period - Paul Ladue is hit by Vladimir Tarasenko and loses puck.
16:54 of 2nd period - Snap shot by Ryan Ellis.
16:54 of 2nd period - Deflect By Brock McGinn.
16:54 of 2nd period - Stopped by Matt Murray without a rebound.
16:55 of 2nd period - Brandon Sutter wins face-off versus Sidney Crosby in Stars zone.
17:08 of 2nd period - Snap shot by Jakob Silfverberg.
17:08 of 2nd period - Shot Blocked by Jake Guentzel.
17:10 of 2nd period - Slapshot by Nikita Zadorov.
17:10 of 2nd period - Deflect By Brandon Sutter.
17:10 of 2nd period - Shot Misses the Net.
17:10 of 2nd period - Puck is out of play.
17:11 of 2nd period - Brayden Schenn wins face-off versus Sidney Crosby in Stars zone.
17:44 of 2nd period - Penalty to Andrej Sustr is over, Andrej Sustr is back on ice.
17:54 of 2nd period - Minor Penalty to Guillaume Latendresse for Slashing.
17:55 of 2nd period - Sidney Crosby wins face-off versus Brayden Schenn in Stars zone.
18:04 of 2nd period - Snap shot by Vladimir Tarasenko.
18:04 of 2nd period - Stopped by Matt Murray with a rebound.
18:06 of 2nd period - Snap shot by Ryan Ellis.
18:06 of 2nd period - Stopped by Matt Murray with a rebound.
18:08 of 2nd period - Wrist shot by Brock McGinn.
18:08 of 2nd period - Goal by Brock McGinn - Stars : 0 - Islanders : 1.
18:09 of 2nd period - Sidney Crosby wins face-off versus Brayden Schenn in neutral zone.
18:12 of 2nd period - Slapshot by Andrej Sustr.
18:12 of 2nd period - Shot Blocked by Brock McGinn.
18:40 of 2nd period - Wrist shot by Michael Grabner.
18:40 of 2nd period - Deflect By Ryan Ellis.
18:40 of 2nd period - Shot Misses the Net.
18:40 of 2nd period - Puck is out of play.
18:41 of 2nd period - Brandon Sutter wins face-off versus Evgeny Grachev in Islanders zone.
18:48 of 2nd period - Wrist shot by Jakob Silfverberg.
18:48 of 2nd period - Stopped by Matt Murray with a rebound.
18:50 of 2nd period - Slapshot by Kellan Lain.
18:50 of 2nd period - Stopped by Matt Murray with a rebound.
18:52 of 2nd period - Slapshot by Kellan Lain.
18:52 of 2nd period - Shot Misses the Net.
19:52 of 2nd period - Wrist shot by Daniel O'regan.
19:52 of 2nd period - Shot Misses the Net.
Goals for this period are 0 for Stars vs 1 for Islanders.
Shots for this period are 8 for Stars vs 11 for Islanders.

3rd period


0:01 of 3rd period - Brayden Schenn wins face-off versus Sidney Crosby in neutral zone.
0:14 of 3rd period - Snap shot by Brayden Schenn.
0:14 of 3rd period - Goal by Brayden Schenn - Stars : 0 - Islanders : 2.
0:15 of 3rd period - Brayden Schenn wins face-off versus Jake Guentzel in neutral zone.
0:17 of 3rd period - Off-side.
0:18 of 3rd period - Brayden Schenn wins face-off versus Sidney Crosby in neutral zone.
0:50 of 3rd period - Off-side.
0:51 of 3rd period - Evgeny Grachev wins face-off versus Brandon Sutter in neutral zone.
0:56 of 3rd period - Slapshot by Ben Chiarot.
0:56 of 3rd period - Shot Misses the Net.
0:58 of 3rd period - Slapshot by Tyler Wotherspoon.
0:58 of 3rd period - Deflect By Guillaume Latendresse.
0:58 of 3rd period - Shot Misses the Net.
0:58 of 3rd period - Puck is out of play.
0:59 of 3rd period - Brandon Sutter wins face-off versus Evgeny Grachev in Islanders zone.
1:26 of 3rd period - Wrist shot by Vladimir Tarasenko.
1:26 of 3rd period - Stopped by Matt Murray with a rebound.
1:49 of 3rd period - Minor Penalty to Sidney Crosby for Tripping.
1:50 of 3rd period - Brayden Schenn wins face-off versus Guillaume Latendresse in Stars zone.
1:50 of 3rd period - Slapshot by Ryan Ellis.
1:50 of 3rd period - Stopped by Matt Murray without a rebound.
1:51 of 3rd period - Guillaume Latendresse wins face-off versus Brayden Schenn in Stars zone.
2:50 of 3rd period - Guillaume Latendresse is hit by Oliver Kylington and loses puck.
3:49 of 3rd period - Penalty to Sidney Crosby is over, Sidney Crosby is back on ice.
4:20 of 3rd period - Snap shot by Brian Ferlin.
4:20 of 3rd period - Shot Misses the Net.
4:22 of 3rd period - Wrist shot by Brian Ferlin.
4:22 of 3rd period - Islanders goal is going for a video replay.
4:22 of 3rd period - The goal is refused. The referee deems the play has been stopped, even if he had not physically had the opportunity to stop play by blowing his whistle..
4:23 of 3rd period - Michael Latta wins face-off versus Evgeny Grachev in Stars zone.
4:27 of 3rd period - Minor Penalty to Emerson Etem for Tripping.
4:28 of 3rd period - Vladimir Tarasenko wins face-off versus Sidney Crosby in Islanders zone.
4:28 of 3rd period - Vladimir Tarasenko is hit by Alex Chiasson.
4:42 of 3rd period - Wrist shot by Sidney Crosby.
4:42 of 3rd period - Stopped by John Gibson with a rebound.
5:04 of 3rd period - Andrej Sustr is hit by Oliver Kylington and loses puck.
5:32 of 3rd period - Off-side.
5:33 of 3rd period - Jakob Silfverberg wins face-off versus Sidney Crosby in neutral zone.
5:41 of 3rd period - Ryan Ellis is hit by Jake Guentzel and loses puck.
5:58 of 3rd period - Snap shot by Andrej Sustr.
5:58 of 3rd period - Stopped by John Gibson with a rebound.
6:27 of 3rd period - Penalty to Emerson Etem is over, Emerson Etem is back on ice.
6:54 of 3rd period - Backhand shot by Joe Labate.
6:54 of 3rd period - Shot Misses the Net.
7:32 of 3rd period - Slapshot by Nikita Zadorov.
7:32 of 3rd period - Deflect By Garnet Hathaway.
7:32 of 3rd period - Shot Blocked by Andrej Sustr.
7:32 of 3rd period - Puck is out of play.
7:33 of 3rd period - Evgeny Grachev wins face-off versus Brayden Schenn in Stars zone.
7:33 of 3rd period - Evgeny Grachev is hit by Brock McGinn.
8:22 of 3rd period - Off-side.
8:23 of 3rd period - Alex Chiasson wins face-off versus Kellan Lain in neutral zone.
8:30 of 3rd period - Wrist shot by Jake Guentzel.
8:30 of 3rd period - Shot Misses the Net.
8:56 of 3rd period - Slapshot by Michael Latta.
8:56 of 3rd period - Shot Misses the Net.
8:58 of 3rd period - Snap shot by Garnet Hathaway.
8:58 of 3rd period - Deflect By Jake Guentzel.
8:58 of 3rd period - Shot Misses the Net.
8:58 of 3rd period - Puck is out of play.
8:59 of 3rd period - Evgeny Grachev wins face-off versus Brayden Schenn in Stars zone.
9:08 of 3rd period - Slapshot by Evgeny Grachev.
9:08 of 3rd period - Shot Misses the Net.
9:49 of 3rd period - Snap shot by Jake Guentzel.
9:49 of 3rd period - Shot Misses the Net.
9:51 of 3rd period - Wrist shot by Alex Chiasson.
9:51 of 3rd period - Shot Blocked by Ryan Ellis.
9:53 of 3rd period - Snap shot by Paul Ladue.
9:53 of 3rd period - Deflect By Sidney Crosby.
9:53 of 3rd period - Shot Misses the Net.
9:53 of 3rd period - Puck is out of play.
9:54 of 3rd period - Sidney Crosby wins face-off versus Garnet Hathaway in Islanders zone.
10:25 of 3rd period - Michael Latta is hit by Sidney Crosby and loses puck.
10:38 of 3rd period - Alex Chiasson is hit by Garnet Hathaway and loses puck.
11:29 of 3rd period - Slapshot by Kevin Shattenkirk.
11:29 of 3rd period - Shot Misses the Net.
12:10 of 3rd period - Snap shot by Alex Chiasson.
12:10 of 3rd period - Shot Misses the Net.
12:12 of 3rd period - Slapshot by Ben Chiarot.
12:12 of 3rd period - Shot Blocked by Oliver Kylington.
12:14 of 3rd period - Wrist shot by Jake Guentzel.
12:14 of 3rd period - Goal by Jake Guentzel - Stars : 1 - Islanders : 2.
12:15 of 3rd period - Brayden Schenn wins face-off versus Evgeny Grachev in neutral zone.
12:40 of 3rd period - Jamie Benn is hit by Jakob Silfverberg.
12:54 of 3rd period - Jakob Silfverberg is hit by Henrik Borgstrom and loses puck.
13:54 of 3rd period - Icing by Evgeny Grachev.
13:55 of 3rd period - Joe Labate wins face-off versus Evgeny Grachev in Stars zone.
14:06 of 3rd period - Slapshot by Michael Grabner.
14:06 of 3rd period - Stopped by John Gibson with a rebound.
14:08 of 3rd period - Snap shot by Michael Grabner.
14:08 of 3rd period - Shot Misses the Net.
14:10 of 3rd period - Backhand shot by Michael Grabner.
14:10 of 3rd period - Stopped by John Gibson with a rebound.
14:12 of 3rd period - Wrist shot by Michael Grabner.
14:12 of 3rd period - Shot Blocked by Vladimir Tarasenko.
14:14 of 3rd period - Slapshot by Wiley Sherman.
14:14 of 3rd period - Stopped by John Gibson with a rebound.
14:16 of 3rd period - Wrist shot by Evgeny Grachev.
14:16 of 3rd period - Shot Misses the Net.
14:18 of 3rd period - Snap shot by Anton Cederholm.
14:18 of 3rd period - Deflect By Slater Koekkoek.
14:18 of 3rd period - Stopped by John Gibson with a rebound.
14:20 of 3rd period - Slapshot by Wiley Sherman.
14:20 of 3rd period - Deflect By Michael Grabner.
14:20 of 3rd period - Stopped by John Gibson with a rebound.
14:22 of 3rd period - Snap shot by Guillaume Latendresse.
14:22 of 3rd period - Shot Misses the Net.
14:42 of 3rd period - Slapshot by Wiley Sherman.
14:42 of 3rd period - Stopped by John Gibson without a rebound.
14:43 of 3rd period - Henrik Borgstrom wins face-off versus Brandon Sutter in Islanders zone.
14:44 of 3rd period - Snap shot by Jamie Benn.
14:44 of 3rd period - Shot Misses the Net.
14:46 of 3rd period - Wrist shot by Jamie Benn.
14:46 of 3rd period - Stopped by John Gibson without a rebound.
14:47 of 3rd period - Henrik Borgstrom wins face-off versus Brandon Sutter in Islanders zone.
14:48 of 3rd period - Wrist shot by Cam Atkinson.
14:48 of 3rd period - Shot Misses the Net.
14:52 of 3rd period - Wrist shot by Henrik Borgstrom.
14:52 of 3rd period - Deflect By Brandon Sutter.
14:52 of 3rd period - Stopped by John Gibson with a rebound.
15:00 of 3rd period - Slapshot by Henrik Borgstrom.
15:00 of 3rd period - Shot Misses the Net.
15:02 of 3rd period - Snap shot by Henrik Borgstrom.
15:02 of 3rd period - Stopped by John Gibson without a rebound.
15:03 of 3rd period - Brayden Schenn wins face-off versus Sidney Crosby in Islanders zone.
15:30 of 3rd period - Jakob Silfverberg is hit by Henrik Borgstrom and loses puck.
15:47 of 3rd period - Minor Penalty to Andrej Sustr for Roughing.
15:48 of 3rd period - Vladimir Tarasenko wins face-off versus Sidney Crosby in Stars zone.
15:49 of 3rd period - Slapshot by Brayden Schenn.
15:49 of 3rd period - Stopped by Matt Murray with a rebound.
15:51 of 3rd period - Wrist shot by Brock McGinn.
15:51 of 3rd period - Goal by Brock McGinn - Stars : 1 - Islanders : 3.
15:52 of 3rd period - Henrik Borgstrom wins face-off versus Brayden Schenn in neutral zone.
16:19 of 3rd period - Ryan Ellis is hit by Sidney Crosby and loses puck.
16:24 of 3rd period - Slapshot by Alex Chiasson.
16:24 of 3rd period - Shot Misses the Net.
16:26 of 3rd period - Wrist shot by Alex Chiasson.
16:26 of 3rd period - Shot Blocked by Nikita Zadorov.
16:28 of 3rd period - Snap shot by Sidney Crosby.
16:28 of 3rd period - Shot Hit the Post.
17:08 of 3rd period - Guillaume Latendresse is hit by Emerson Etem and loses puck.
18:10 of 3rd period - Off-side.
18:11 of 3rd period - Brayden Schenn wins face-off versus Henrik Borgstrom in neutral zone.
18:38 of 3rd period - Off-side.
18:39 of 3rd period - Brandon Sutter wins face-off versus Sidney Crosby in neutral zone.
18:44 of 3rd period - Snap shot by Brandon Sutter.
18:44 of 3rd period - Shot Misses the Net.
19:02 of 3rd period - Snap shot by Sidney Crosby.
19:02 of 3rd period - Stopped by John Gibson without a rebound.
19:03 of 3rd period - Brandon Sutter wins face-off versus Henrik Borgstrom in Islanders zone.
19:24 of 3rd period - Andrej Sustr is hit by Kellan Lain and loses puck.
Goals for this period are 1 for Stars vs 2 for Islanders.
Shots for this period are 13 for Stars vs 6 for Islanders. Output by the SimonT Hockey Simulator (STHS) for Francois Prevost - Original Page W3C HTML5 Valid
Hockey Simulator - Hockey Simulation - Hockey Manager